 Dungeon Crawl Stone Soup version 0.22-a0-292-g0df9d5f (webtiles) character file.

259 Amnesiac the Gusty (level 6, -4/35 HPs)
             Began as a Tengu Air Elementalist on Mar 23, 2018.
             Slain by Sigmund
             ... wielding a +0 scythe
              (8 damage)
             ... on level 3 of the Dungeon.
             The game lasted 00:04:38 (3124 turns).

Amnesiac the Gusty (Tengu Air Elementalist)         Turns: 3124, Time: 00:04:38

Health: -4/35      AC:  2    Str: 13    XL:     6   Next: 17%
Magic:  1/12       EV: 18    Int: 17    God:
Gold:   136        SH:  0    Dex: 20    Spells: 6/11 levels left

rFire    . . .     SeeInvis .   e - +2 dagger (drain)
rCold    . . .     Gourm    .   (no shield)
rNeg     . . .     Faith    .   a - +0 robe
rPois    .         Spirit   .   (helmet restricted)
rElec    .         Reflect  .   (no cloak)
rCorr    .         Harm     .   (no gloves)
MR       .....                  (boots unavailable)
Stlth    +++.......             (no amulet)
HPRegen  0.11/turn              (no ring)
MPRegen  0.13/turn              (no ring)

@: mighty, agile
A: beak, talons 3, able to fly 1
a: Fly


You were on level 3 of the Dungeon.
You were hungry.

You visited 1 branch of the dungeon, and saw 3 of its levels.

You collected 136 gold pieces.

Inventory:

Hand Weapons
 e - a +2 dagger of draining (weapon)
 h - a +1 dagger of venom
Armour
 a - a +0 robe (worn)
Scrolls
 d - a scroll of noise {!r, unknown}
 f - 2 scrolls of identify {!r, unknown}
 i - 2 scrolls of remove curse {!r, unknown}
 m - a scroll of enchant armour {!r, unknown}
Potions
 g - 3 potions of agility {!q}
 k - a potion of cancellation {!q, unknown}
 l - a potion of curing {!q, unknown}
Comestibles
 b - a chunk of flesh
 c - 6 rations


   Skills:
 - Level 1.8 Fighting
 - Level 2.1 Dodging
 - Level 2.0 Stealth
 + Level 3.4 Spellcasting
 - Level 1.3 Conjurations
 * Level 7.2 Air Magic


You had 6 spell levels left.
You knew the following spells:

 Your Spells              Type           Power        Failure   Level  Hunger
a - Shock                 Conj/Air       ###.         2%          1    None
d - Airstrike             Air            ####......   9%          4    ####...


Dungeon Overview and Level Annotations

Branches:
Dungeon (3/15)

Altars:
Dithmenos

Annotations:
D:3 Sigmund


Innate Abilities, Weirdness & Mutations

You have a beak for a mouth.
You have claws for feet.
You can fly.


Message History

Aim: Sigmund, wielding a scythe and wearing a robe (resting)
You miscast Airstrike.
You are very lightly contaminated with residual magic.
You feel a strange surge of energy!
You start resting.
Some of the chunks of flesh in your inventory have rotted away.
Magic restored.
You start resting.
Some of the chunks of flesh in your inventory have rotted away.
Magic restored.
Your magical contamination has completely faded away.
Casting: Airstrike (safe; 9% risk of failure)
Confirm with . or Enter, or press ? or * to list all spells.
Aiming: Airstrike (safe; 9% risk of failure)
Press: ? - help, Dir - move target cursor, f/p - Sigmund
Aim: Sigmund, wielding a scythe and wearing a robe (resting)
The air twists around and strikes Sigmund!
Sigmund shouts!
Sigmund is moderately wounded.
Sigmund gestures wildly while chanting.
Sigmund flickers and vanishes!
Deactivating autopickup; reactivate with Ctrl-A.
Casting: Airstrike (safe; 9% risk of failure)
Confirm with . or Enter, or press ? or * to list all spells.
You can't see any susceptible monsters within range! (Use Z to cast anyway.)
Casting: Airstrike (safe; 9% risk of failure)
Confirm with . or Enter, or press ? or * to list all spells.
You can't see any susceptible monsters within range! (Use Z to cast anyway.)
Casting: Airstrike (safe; 9% risk of failure)
Confirm with . or Enter, or press ? or * to list all spells.
Aiming: Airstrike (safe; 9% risk of failure)
Press: ? - help, Dir - move target cursor The air twists around and strikes something!
Casting: Airstrike (safe; 9% risk of failure)
Confirm with . or Enter, or press ? or * to list all spells.
Aiming: Airstrike (safe; 9% risk of failure)
Press: ? - help, Dir - move target cursor
Okay, then.
A puff of flame appears from out of thin air!
The puff of flame hits you!
Casting: Airstrike (safe; 9% risk of failure)
Confirm with . or Enter, or press ? or * to list all spells.
Aiming: Airstrike (safe; 9% risk of failure)
Press: ? - help, Dir - move target cursor The spell fizzles.
You are feeling hungry.
You hear some strange, mumbled words.
A magic dart appears from out of thin air!
The magic dart hits you!
You closely miss something. You claw something. Something hits you!
* * * LOW HITPOINT WARNING * * *
You closely miss something. Something hits you.
* * * LOW HITPOINT WARNING * * *
You miss something. You claw something.
Really quaff
g - 4 silvery potions {!q}?
It was a potion of agility {!q}.
You feel agile all of a sudden. Something hits you.
* * * LOW HITPOINT WARNING * * *
Really quaff
j - a sedimented puce potion {!q}?
It was a potion of might {!q}.
You feel very mighty all of a sudden. Something hits you!
You die...

#.#.#
#.#.#
#.#.#
#.#.#
#.#.#
##.#.#
#....#
#..#######
#....@...#
#!######.#
#. #. #.
#. ##


There were no monsters in sight!

Vanquished Creatures
  2 orc wizards (D:3)
  Natasha (D:3)
  Robin (D:3)
  4 gnolls (D:3)
  3 adders
  2 oozes (D:3)
  2 worms (D:2)
  2 dart slugs (D:1)
  A leopard gecko (D:2)
  7 orcs (D:3)
  A giant cockroach (D:1)
  19 goblins
  6 hobgoblins
  9 jackals
  3 bats
  3 frilled lizards
  5 kobolds
  12 rats
83 creatures vanquished.

Notes
Turn   | Place    | Note
-------+----------+-------------------------------------------
     0 | D:1      | Amnesiac the Tengu Air Elementalist began the quest for the Orb.
     0 | D:1      | Reached XP level 1. HP: 10/10 MP: 4/4
   200 | D:1      | Reached XP level 2. HP: 7/16 MP: 1/6
   673 | D:2      | Reached skill level 1 in Fighting
   673 | D:2      | Reached XP level 3. HP: 20/20 MP: 0/7
   882 | D:2      | Reached skill level 5 in Air Magic
  1771 | D:1      | Reached XP level 4. HP: 20/25 MP: 2/8
  1911 | D:1      | Learned a level 4 spell: Airstrike
  1978 | D:3      | Noticed Robin
  2226 | D:3      | Killed Robin
  2276 | D:3      | Gained mutation: You can fly. [Tengu growth]
  2276 | D:3      | Reached XP level 5. HP: 19/30 MP: 2/10
  2324 | D:3      | Found a shadowy altar of Dithmenos.
  2362 | D:3      | Reached skill level 6 in Air Magic
  2748 | D:3      | Noticed Natasha
  2753 | D:3      | Killed Natasha
  2871 | D:3      | Reached skill level 7 in Air Magic
  2871 | D:3      | Reached XP level 6. HP: 29/35 MP: 1/12
  3081 | D:3      | Noticed Sigmund
  3124 | D:3      | Slain by Sigmund

Vault maps used:
D:1:      dpeg_arrival_yet_another_circle
D:2:      serial_bayou, serial_bayou_crossing, serial_bayou_pond_a,
          serial_bayou_shore_b, serial_bayou_pond_d, minmay_misc_feat_plants,
          minmay_pentomino_z4
D:3:      grunt_dithmenos_smoke, lemuel_crystal_altar, first_ration, uniq_robin,
          uniq_sigmund, uniq_natasha

Skill      XL: |  1  2  3  4  5 |
---------------+----------------+-----
Fighting       | 1 |  1.8
Air Magic      | 5 7 |  7.2
Spellcasting   | 3 |  3.4
Dodging        | |  2.1
Stealth        | |  2.0
Conjurations   | |  1.3

Action                   |  1- 3 |  4- 6 || total
-------------------------+-------+-------++-------
Melee: Dagger            |    24 |    67 ||    91
       Kick              |     6 |    16 ||    22
       Unarmed           |     1 |       ||     1
       Peck              |       |     9 ||     9
 Cast: Shock             |    64 |    47 ||   111
       Airstrike         |       |     3 ||     3
  Use: Potion            |       |     2 ||     2
  Eat: Chunk             |     3 |     5 ||     8
Armor: Robe              |     8 |     8 ||    16
Dodge: Dodged            |    30 |    34 ||    64

Table legend:
 A = Spawn XP
 B = Non-spawn XP
 C = Spawn XP percentage of total XP
 D = Spawn monster count
 E = Non-spawn monster count
 F = Spawn count percentage of total count
 G = Total turns spent on level
                    A         B        C        D         E        F      G
               +---------+---------+-------+---------+---------+-------+---------
         Total |       0 |     371 |   0.0 |       0 |      83 |   0.0 |  3124
               +---------+---------+-------+---------+---------+-------+---------
           D:1 |       0 |      55 |   0.0 |       0 |      32 |   0.0 |   815
           D:2 |       0 |      49 |   0.0 |       0 |      17 |   0.0 |  1381
           D:3 |       0 |     267 |   0.0 |       0 |      34 |   0.0 |   928
               +---------+---------+-------+---------+---------+-------+---------
